 Dungeon Crawl Stone Soup version 0.29-a0-359-g541a27f54d (webtiles) character file.

Game seed: 8154714951186079266

159 spiderkeys the Distorting Dwarf (level 5, 0/49 HPs)
             Began as a Deep Dwarf Abyssal Knight on Apr 27, 2022.
             Was a Believer of Lugonu.
             Killed from afar by Dowan (6 damage)
             ... with a stone arrow
             ... on level 4 of the Dungeon.
             The game lasted 00:07:48 (2416 turns).

spiderkeys the Distorting Dwarf (DDAK)              Turns: 2416, Time: 00:07:49

Health: 0/49       AC:  5    Str: 17    XL:     5   Next: 17%
Magic:  7/7        EV: 11    Int: 10    God:    Lugonu [**....]
Gold:   172        SH:  0    Dex: 15    Spells: 4/4 levels left

rFire   . . .      SeeInvis .   a - +1 hand axe
rCold   . . .      Faith    .   (no shield)
rNeg    . . .      Spirit   .   e - +0 ring mail
rPois   .          Reflect  .   (no helmet)
rElec   .          Harm     .   (no cloak)
rCorr   .          Rampage  .   (no gloves)
Will    .....                   (no boots)
Stlth   +.........              (no amulet)
HPRegen 0.00/turn               (no ring)
MPRegen 0.10/turn               (no ring)

@: no status effects
A: damage resistance, heal wounds, sense surroundings 1, no regeneration
a: Heal Wounds, Renounce Religion, Depart the Abyss, Bend Space


You were on level 4 of the Dungeon.
You worshipped Lugonu.
Lugonu was pleased with you.
You visited 1 branch of the dungeon, and saw 4 of its levels.
You visited the Abyss 1 time.

You collected 172 gold pieces.


Innate Abilities, Weirdness & Mutations

You are resistant to damage.
You can heal yourself by infusing magical energy.
You passively map a small area around you.
You do not regenerate.


   Skills:
 + Level 3.5 Fighting
 + Level 3.4 Axes
 - Level 2.1 Armour
 + Level 2.8 Dodging
 + Level 4.1 Invocations


You had 4 spell levels left.
You didn't know any spells.
Your spell library contained the following spells:

 Spells                   Type           Power      Damage    Failure   Level
 Call Canine Familiar     Summ           0%         N/A       90%         3
 Portal Projectile        Hex/Tloc       0%         N/A       90%         3
 Leda's Liquefaction      Hex/Erth       0%         N/A       100%        4

Inventory:

Hand Weapons
 a - a +1 hand axe (weapon)
 b - a +0 hunting sling
   (You took it off a goblin on level 2 of the Dungeon)
 l - a +0 dagger of electrocution
   (You found it on level 1 of the Dungeon)
Missiles
 f - 19 poisoned darts
 i - 116 stones (quivered)
Armour
 e - a +0 ring mail (worn)
   (You found it on level 1 of the Dungeon)
 j - a +0 robe
   (You found it on level 1 of the Dungeon)
 o - a +0 leather armour
 q - an orb of guile
   (You found it on level 2 of the Dungeon)
 s - a +0 leather armour
   (You found it on level 3 of the Dungeon)
 t - a +0 leather armour
   (You found it on level 3 of the Dungeon)
 w - a +0 robe
   (You found it on level 3 of the Dungeon)
Scrolls
 d - a scroll of teleportation {@r4}
 m - a scroll of fog
 n - a scroll of fear
 p - a scroll of brand weapon
 y - a scroll of magic mapping {!r}
Potions
 c - a potion of heal wounds {unknown}
 g - 2 potions of degeneration {unknown}
 h - a potion of magic {unknown}
 r - a potion of resistance {unknown}
 u - a potion of curing {@q1}
 v - a potion of might {unknown}
 x - a potion of cancellation {unknown}

Dungeon Overview and Level Annotations

Branches:
Dungeon (4/15)
 Temple: D:4-7

Altars:

Annotations:
D:4 Dowan
Abyss:1 Duvessa

## #..* ..##
..##
....###..#
......#..##
......#...# *
.......#:.## *
, .......#...#
, ........#..#
,*
......e@#$.#
.............#
............##
,
.........##.#
......#### .#
, ....## .# *
..## ## * , ,
, , ,


You could see Dowan (fast).


Message History

😮 HP[-3]
You take 3 damage, and now have 27/49 hp.
Dowan says, "I will find her!
I will get her back!"
Dowan completely misses you.
There is a stone staircase leading up here. 😮 MP[+1]
You hit Dowan. Dowan hits you with a +0 dagger.
Dowan barely misses you. 😮 HP[-2]
You take 2 damage, and now have 25/49 hp.
You slash Dowan!
Dowan says, "She won't be lost forever!"
Dowan hits you with a +0 dagger.
You hit Dowan. Dowan closely misses you.
Dowan says, "I will find her!
I will get her back!"
Dowan hits you but does no damage.
You hit Dowan. Dowan hits you but does no damage.
Dowan casts a spell.
Dowan blinks!
You climb upwards.
There is a stone staircase leading down here.
You start resting. 😮 MP[+7]
Your mp is fully restored (8).
You feel much better. 😕 HP[+18]
You regained 18 hp, and now have 43/49 hp.
You climb downwards.
Level annotation: Dowan Dowan gestures wildly while chanting.
Dowan blinks!
There is a stone staircase leading up here.
Your magical essence is drained by the effort!
You feel much better.
Dowan casts a spell.
Dowan blinks! 😎 HP[+6] MP[-1]
Your hp is fully restored (49).
Unknown command.
b - a +0 hunting sling (weapon)
Fire: b) +0 hunting sling
Press: ? - help, Q - select action, (/) - cycle Shift-Dir - straight line, f - Dowan
Aim: Dowan, wielding a +0 dagger and wearing a +0 robe (moderately wounded, fast, 43% to hit)
You shoot a sling bullet.
The sling bullet hits Dowan but does no damage.
Fire: b) +0 hunting sling
Press: ? - help, Q - select action, (/) - cycle Shift-Dir - straight line, f/p - Dowan
Aim: Dowan, wielding a +0 dagger and wearing a +0 robe (moderately wounded, fast, 43% to hit)
You shoot a sling bullet. The sling bullet misses Dowan.
Fire: b) +0 hunting sling
Press: ? - help, Q - select action, (/) - cycle Shift-Dir - straight line, f/p - Dowan
Aim: Dowan, wielding a +0 dagger and wearing a +0 robe (moderately wounded, fast, 43% to hit)
You shoot a sling bullet. The sling bullet misses Dowan.
Dowan hits you but does no damage. Dowan casts a spell at you.
The stone arrow hits you. 😕 HP[-4]
You take 4 damage, and now have 45/49 hp.
a - a +1 hand axe (weapon)
You hit Dowan but do no damage. Dowan hits you but does no damage. x2
You hit Dowan but do no damage. Dowan barely misses you.
Dowan completely misses you.
You closely miss Dowan.
Dowan hits you with a +0 dagger. 😕 HP[-1]
You take 1 damage, and now have 44/49 hp.
You hit Dowan.
Dowan shakes with grief.
Dowan gestures at you while chanting. The stone arrow hits you!
Dowan closely misses you. 😮 HP[-12]
You take 12 damage, and now have 32/49 hp.
MASSIVE DAMAGE!! (PAUSE)
You hit Dowan.
Dowan drinks a potion.
Dowan is healed!
Dowan gestures at you while chanting. The stone arrow hits you!
* * * LOW HITPOINT WARNING * * *
😨 HP[-10]
You take 10 damage, and now have 22/49 hp.
MASSIVE DAMAGE!! (PAUSE)
You hit Dowan. Dowan hits you with a +0 dagger.
* * * LOW HITPOINT WARNING * * *
Dowan hits you with a +0 dagger. 😨 HP[-2]
You take 2 damage, and now have 20/49 hp.
You hit Dowan but do no damage. Dowan hits you with a +0 dagger.
You hit Dowan. Dowan gestures at you while chanting. The stone arrow hits you!
* * * LOW HITPOINT WARNING * * *
Dowan hits you with a +0 dagger.
* * * LOW HITPOINT WARNING * * *
😱 HP[-14]
You take 14 damage, and now have 6/49 hp.
MASSIVE DAMAGE!! (PAUSE)
You barely miss Dowan. Dowan barely misses you. x2
You hit Dowan.
Dowan points at you and mumbles some strange words.
The stone arrow hits you!
You die...

Skill      XL: |  1  2  3 |
---------------+----------+-----
Invocations    | 3 4 |  4.1
Fighting       | 3 |  3.5
Dodging        | 2 |  2.8
Axes           | 3 |  3.4
Armour         | |  2.1

Action                   |  1- 3 |  4- 6 || total
-------------------------+-------+-------++-------
Melee: Hand axe          |    34 |    18 ||    52
       Punch             |     2 |       ||     2
       Dagger            |    68 |       ||    68
 Fire: Hunting sling     |    22 |     3 ||    25
Throw: Stone             |    68 |       ||    68
       Dart              |     6 |       ||     6
Invok: Banish            |     1 |     2 ||     3
 Abil: Heal Wounds       |       |     3 ||     3
  Use: Scroll            |     5 |       ||     5
Armor: Ring mail         |    33 |     5 ||    38
       Leather armour    |     1 |       ||     1
Dodge: Dodged            |    62 |    11 ||    73

Levels and vault maps discovered:
D:1:      saegor_arrival_simple_e, layout_loops_cross, nicolae_wormholes
D:2:      layout_basic
D:3:      layout_basic, shapermc_ecumenical_altar_hornbeckon
D:4:      layout_cave_pods, temple_doors_e, serial_shops,
          nicolae_shop_behind_doors, gammafunk_ghost_split, uniq_duvessa

Notes
Turn   | Place    | Note
-------+----------+-------------------------------------------
     0 | Abyss:1  | spiderkeys the Deep Dwarf Abyssal Knight began the quest
                  | for the Orb.
     0 | Abyss:1  | Reached XP level 1. HP: 20/20 MP: 2/2
     0 | Abyss:1  | magus.rc [v1.11.3]
    12 | D:1      | You pass through the gate.
    12 | D:1      | Escaped the Abyss
   179 | D:1      | Reached XP level 2. HP: 20/27 MP: 4/4
   205 | D:1      | You pick up a book of the Hunter and begin reading...
   205 | D:1      | You add the spells Call Canine Familiar, Portal Projectile
                  | and Leda's Liquefaction to your library.
   553 | D:1      | Reached skill level 3 in Invocations
   671 | D:1      | Reached skill level 3 in Fighting
   880 | D:2      | Reached XP level 3. HP: 19/34 MP: 5/5
   964 | D:2      | Reached skill level 2 in Dodging
  1249 | D:2      | You fall into a shaft and drop 1 floor!
  1272 | D:3      | Reached *** piety under Lugonu
  1557 | D:3      | Found a faded altar of an unknown god.
  2256 | D:4      | Noticed Duvessa
  2258 | D:4      | Banished Duvessa
  2259 | D:4      | Reached skill level 3 in Axes
  2259 | D:4      | Reached skill level 4 in Invocations
  2259 | D:4      | Reached XP level 4. HP: 11/42 MP: 1/7
  2259 | D:4      | Reached XP level 5. HP: 13/49 MP: 1/8
  2259 | D:4      | Noticed Dowan
  2414 | D:4      | HP: 10/49 [Dowan/stone arrow (10)]
  2416 | D:4      | Killed from afar by Dowan

Vanquished Creatures
  2 worms
  A dart slug (D:1)
  4 ball pythons
  6 endoplasms
  A giant cockroach (D:2)
  7 goblins
  3 hobgoblins
  3 jackals (D:1)
  8 bats
  2 frilled lizards
  5 kobolds
  A rat (D:1)
43 creatures vanquished.

Table legend:
 A = Non-vault XP
 B = Vault XP
 C = Vault XP percentage of total XP
 D = Non-vault monster count
 E = Vault monster count
 F = Vault count percentage of total count
                 A         B        C        D         E       F
            +---------+---------+-------+---------+---------+-------
      Total |      69 |     159 |  69.7 |      41 |       3 |   6.8
            +---------+---------+-------+---------+---------+-------
        D:1 |      33 |       5 |  13.2 |      18 |       1 |   5.3
        D:2 |      17 |       5 |  22.7 |      10 |       1 |   9.1
        D:3 |      18 |       0 |   0.0 |      12 |       0 |   0.0
        D:4 |       1 |     149 |  99.3 |       1 |       1 |  50.0
            +---------+---------+-------+---------+---------+-------

Illustrated notes

Table legend:
 A = Kills in this place as a percentage of kills in entire the game.
 B = Kills by you in this place as a percentage of kills by you in the entire game.
 C = Kills by friends in this place as a percentage of kills by friends in the entire game.
 D = Other kills in this place as a percentage of other kills in the entire game.
 E = Experience gained in this place as a percentage of experience gained in the entire game.
 F = Experience gained in this place divided by the number of levels of this place that you have seen.
                   A       B       C       D       E      F
               +-------+-------+-------+-------+-------+----------------------
         Total | 100.0 | 100.0 |   N/A | 100.0 | 100.0 |  45.6
       Dungeon | 100.0 | 100.0 |   N/A | 100.0 | 100.0 |  57.0
               +-------+-------+-------+-------+-------+----------------------

Table legend: (Time is in decaauts)
 A = Elapsed time spent in this place.
 B = Non-inter-level travel time spent in this place.
 C = Inter-level travel time spent in this place.
 D = Time resting spent in this place.
 E = Time spent auto-exploring this place.
 F = Levels seen in this place.
 G = Mean time per level.
                   A        B        C        D        E       F      G
               +--------+--------+--------+--------+--------+-----+--------+
         Total |   2444 |   2379 |     65 |    115 |   1756 |   5 |  488.8 |
       Dungeon |   2432 |   2367 |     65 |    115 |   1752 |   4 |  608.0 |
         Abyss |     12 |     12 |      0 |      0 |      4 |   1 |   12.0 |
               +--------+--------+--------+--------+--------+-----+--------+

Top non-repeatable levels by time:
     D:3: 1032 daAuts
     D:1: 838 daAuts
     D:2: 508 daAuts
     D:4: 52 daAuts
 Abyss:1: 12 daAuts
